Cogmind - Beta 12 @@@ ROGUE MODE // 2023.03.03 @ 18:07:08 Player: Shin Result: Destroyed by H-88 Terminator with Heavy Machine Gun Performance ------------- Evolutions (8) 4000 Regions Visited (15) 3000 Robots Destroyed (59) 295 Value Destroyed (1846) 1846 Prototype IDs (12) 240 Alien Tech Used (0) 0 Bonus (610) 610 TOTAL SCORE: 9991 Bonus ------- Follower Combat Kills 310 Aligned with FarCom 300 Cogmind --------- Core Integrity 0/1450 Matter 130/300 Energy 50/100 System Corruption 2% Temperature Cool (0) Movement Core (50) Location -2/Research Parts ------- > --- POWER (2) -------- (None) > --- PROPULSION (10) -- (None) > --- UTILITY (9) ------ (None) > --- WEAPON (2) ------- (None) > --- INVENTORY (5) ---- Layered Medium Armor Plating Improved Focal Shield Point Defense Array Advanced System Restoration Module Improved Field Recycling Unit (127) Peak State ------------ > --- POWER ------------ Light Particle Reactor Light Quantum Reactor > --- PROPULSION ------- Gravmag Array Gravmag Array Antigrav System Antigrav System Combat Gravmag System Combat Gravmag System Improved Antigrav System Cooled Linear Gravjet > --- UTILITY ---------- Advanced Cooling System Large Storage Unit Makeshift Trap Scanner Triangulator Enhanced Optical Array Advanced Signal Interpreter Advanced Melee Analysis Suite Advanced Reaction Control System Drone Bay > --- WEAPON ----------- Enhanced Quantum Rifle Dual-blade Saw > --- INVENTORY -------- Light Antimatter Reactor Particle Reactor Cooled Gravmag System Combat Gravmag System Improved Antigrav System Large Matter Pod Transmission Jammer Layered Medium Armor Plating Improved Focal Shield Shock Absorption System EM Disruption Field Point Defense Array Advanced System Restoration Module Improved Field Recycling Unit Long-range Missile Launcher [Rating: 147] Favorites ----------- Power Ion Engine Engine Ion Engine Power Core Fission Core Reactor Light Particle Reactor Propulsion Combat Gravmag System Treads Spiked Medium Treads Leg Aluminum Leg Hover Unit Combat Gravmag System Flight Unit Improved Surge Thruster Utility Large Storage Unit Device Advanced Reaction Control System Storage Large Storage Unit Processor Advanced Signal Interpreter Protection Medium Armor Plating Weapon Assault Rifle Energy Gun Enhanced Quantum Rifle Energy Cannon Heavy Disruptor Cannon Ballistic Gun Assault Rifle Ballistic Cannon Gauss Cannon Launcher Long-range Missile Launcher Special Weapon Field Lobotomy Kit Impact Weapon Maul Slashing Weapon Makeshift Sword Build | -11 -10 -10 -10 -9 -8 -7 -6 -5 -4 -4 -4 -4 -3 -3 -2 ------- Run | Jun Mat Min Exi Min Mat Fac Fac Fac Fac Upp Upp Zhi Pro Res Res Slots Evolved 16 | . . . . . 4 2 2 2 2 . . . . 2 2 Power 1 | . . . . . . . 1 . . . . . . . . Propulsion 8 | . . . . . 2 2 . . 2 . . . . . 2 Utility 7 | . . . . . 2 . 1 2 . . . . . 2 . Weapon . | . . . . . . . . . . . . . . . . Parts Attached 151 | . 9 1 8 2 11 9 35 9 4 9 6 . 10 8 30 Power 13 | . 2 . 1 . . 1 3 1 . . . . . 2 3 Engine 6 | . 2 . 1 . . 1 2 . . . . . . . . Core 2 | . . . . . . . 1 1 . . . . . . . Reactor 5 | . . . . . . . . . . . . . . 2 3 Propulsion 58 | . 2 . 4 . 8 2 19 4 2 3 2 . . . 12 Treads 2 | . . . . . . . . . . . 1 . . . 1 Leg 4 | . 2 . 2 . . . . . . . . . . . . Wheel . | . . . . . . . . . . . . . . . . Hover 46 | . . . 2 . 8 2 15 4 2 1 1 . . . 11 Flight 6 | . . . . . . . 4 . . 2 . . . . . Utility 36 | . 2 . 2 1 . 3 7 2 2 6 2 . 3 4 2 Device 26 | . 1 . 2 . . 2 4 1 2 5 2 . 2 4 1 Storage 1 | . 1 . . . . . . . . . . . . . . Processor 4 | . . . . . . . 2 1 . 1 . . . . . Hackware . | . . . . . . . . . . . . . . . . Protection 5 | . . . . 1 . 1 1 . . . . . 1 . 1 Artifact . | . . . . . . . . . . . . . . . . Weapon 44 | . 3 1 1 1 3 3 6 2 . . 2 . 7 2 13 Energy Gun 5 | . . . . . . . . . . . . . . . 5 Energy Cannon 1 | . . . . . . . . . . . . . . . 1 Ballistic Gun 7 | . 2 1 . 1 1 1 . 1 . . . . . . . Ballistic Cannon 2 | . . . . . . 1 . . . . . . . 1 . Launcher 6 | . . . . . . . 1 . . . 1 . 1 . 3 Special Weapon 4 | . . . 1 . . . 1 . . . . . 2 . . Impact Weapon 1 | . 1 . . . . . . . . . . . . . . Slashing Weapon 18 | . . . . . 2 1 4 1 . . 1 . 4 1 4 Piercing Weapon . | . . . . . . . . . . . . . . . . Special Melee Weapon . | . . . . . . . . . . . . . . . . Unidentified Prototypes 6 | . . . 3 . . . . 1 . . . . . . 2 Parts Lost 27 | . 2 . . . . . 2 . . . . . . . 23 Power 5 | . 1 . . . . . . . . . . . . . 4 Propulsion 11 | . 1 . . . . . 1 . . . . . . . 9 Utility 7 | . . . . . . . 1 . . . . . . . 6 Weapon 4 | . . . . . . . . . . . . . . . 4 Highest Loss Streak 15 | . 1 . . . . . 1 . . . . . . . 15 To Critical Strikes 1 | . . . . . . . . . . . . . . . 1 Average Slot Usage (%) 90 | . 95 100 81 99 81 93 96 92 89 89 89 . 88 90 79 Engine 8 | . 13 14 14 14 9 7 12 1 . . . . . . . Core 2 | . . . . . . . . 8 10 10 10 . 10 7 . Leg 11 | . 27 28 27 28 . . . . . . . . . . . Hover 20 | . . . . . 36 46 36 27 31 30 31 . 31 28 30 Device 11 | . 12 14 4 . . 8 13 17 15 15 15 . 14 23 17 Storage 9 | . 14 14 14 14 9 7 6 5 5 5 5 . 5 4 3 Processor 6 | . . . . . . . 11 17 15 15 15 . 15 14 12 Protection 2 | . . . . 14 9 7 . . . . . . . . . Ballistic Gun 11 | . 26 28 19 27 13 7 . . . . . . . . . Slashing Weapon 5 | . . . . . 4 5 12 11 10 10 10 . 8 9 3 Naked Turns 6 | . . . . . . . . . . . . . . . 6 Heaviest Build 76 | 12 31 30 30 36 36 50 57 53 53 58 60 58 64 70 76 Greatest Support 118 | 20 20 20 20 20 32 48 69 68 96 96 96 82 96 96 118 Greatest Overweight (x) 12 | . 1 1 2 1 1 1 12 . . . . . . . 1 Average Overweight (x) . | . . 1 1 1 1 . . . . . . . . . . Largest Inventory Capacity 15 | . 15 15 15 15 15 15 15 15 15 15 15 15 15 15 15 Average Capacity 14 | . 10 15 15 15 15 15 15 15 15 15 15 15 15 15 14 Most Carried 15 | . 15 15 15 15 15 15 15 15 15 15 15 15 15 15 15 Average Carried 13 | . 8 15 14 14 14 14 14 14 14 14 14 15 14 13 12 Final Capacity 15 | 8 15 15 15 15 15 15 15 15 15 15 15 15 15 15 5 Final Carried 15 | 6 15 15 15 15 15 15 15 15 15 15 15 15 14 14 5 Class Distribution -------------------- 86% | Mutant 6% | Ninja 4% | Infiltrator-Mutant Dominant Class ---------------- Mutant | -10/Materials Mutant | -10/Mines Mutant | -10/Exiles Mutant | -9/Mines Mutant | -8/Materials Mutant | -7/Factory Mutant | -6/Factory Infiltrator-Mutant | -5/Factory Mutant | -4/Factory Mutant | -4/Upper Caves Mutant | -4/Upper Caves Mutant | -4/Zhirov Mutant | -3/Proximity Caves Ninja | -3/Research Ninja | -2/Research Resources | -11 -10 -10 -10 -9 -8 -7 -6 -5 -4 -4 -4 -4 -3 -3 -2 ----------- Run | Jun Mat Min Exi Min Mat Fac Fac Fac Fac Upp Upp Zhi Pro Res Res Matter Collected 2348 | 200 489 22 . 125 22 64 498 244 . 166 99 . 186 20 213 Remotely . | . . . . . . . . . . . . . . . . Salvage Created 2239 | . 573 . . 53 . 64 348 130 . 85 48 . 112 182 644 Parts 126 | . 36 . . 6 . 2 21 1 . . 7 . 6 9 38 Haulers Intercepted 2 | . 1 . . . . . 1 . . . . . . . . Recyclers Shooed 3 | . . . . . . . . 1 . . . . . . 2 Parts Field Recycled 8 | . . . . . . . 8 . . . . . . . . Retrieved Matter 167 | . . . . . . . 167 . . . . . . . . Parts Self-Destructed 23 | . . . . . . . . . . . 6 . 17 . . Prevented . | . . . . . . . . . . . . . . . . Kills | -11 -10 -10 -10 -9 -8 -7 -6 -5 -4 -4 -4 -4 -3 -3 -2 ------- Run | Jun Mat Min Exi Min Mat Fac Fac Fac Fac Upp Upp Zhi Pro Res Res Combat Hostiles Destroyed 43 | . 13 . . 3 . 1 2 . . . 4 . 4 . 16 Melee 7 | . . . . . . 1 2 . . . . . 1 . 3 Guns 17 | . 13 . . 3 . . . . . . . . . . 1 AOE 19 | . . . . . . . . . . . 4 . 3 . 12 Classes Destroyed 10 | . 5 . . . . 1 3 . . . . . 1 . . Worker 4 | . . . . . . . 4 . . . . . . . . Hauler 2 | . 1 . . . . . 1 . . . . . . . . Recycler 5 | . 1 . . . . . 1 1 . . . . . 1 1 Watcher 5 | . 2 . . . . . 1 . . . . . . 1 1 Swarmer 26 | . 6 . . 3 . . . . . . 4 . 3 . 10 Cutter 5 | . . . . . . . 1 . . . . . . . 4 Grunt 7 | . 7 . . . . . . . . . . . . . . Duelist 1 | . . . . . . . . . . . . . 1 . . Sentry 1 | . . . . . . 1 . . . . . . . . . Programmer 3 | . . . . . . . 1 . . . . . . . 2 Best Kill Streak 6 | . 5 . . 3 . 1 5 1 . . 4 . 3 2 6 Combat Bots Only 6 | . 4 . . 3 . 1 1 . . . 4 . 3 . 6 Max Kills in Single Turn 4 | . 2 . . 2 . 1 1 1 . . 4 . 2 1 4 Gunslinging 1 | . 1 . . 1 . . . . . . . . . . . Exploded 4 | . . . . . . . . . . . 4 . 2 . 3 Melee 1 | . . . . . . 1 1 . . . . . 1 . 1 Uniques/NPCs Destroyed . | . . . . . . . . . . . . . . . . Combat | -11 -10 -10 -10 -9 -8 -7 -6 -5 -4 -4 -4 -4 -3 -3 -2 -------- Run | Jun Mat Min Exi Min Mat Fac Fac Fac Fac Upp Upp Zhi Pro Res Res Damage Taken 6105 | . 687 . . 166 . 243 329 20 . 43 103 . 344 . 4170 Core 1764 | . 145 . . 32 . 27 18 . . 19 . . 53 . 1470 Absorbed by Shields . | . . . . . . . . . . . . . . . . Regen/Repaired (Parts) 153 | . 153 . . . . . . . . . . . . . . Core Remaining (%) 89 | 100 . . . 29 100 96 97 100 . . . . 93 100 . Volleys Fired 91 | . 50 . . 8 . . 4 . . . 1 . 7 . 21 Largest 2 | . 2 . . 2 . . 1 . . . 1 . 1 . 1 Hottest 65 | . 40 . . 40 . . 36 . . . 43 . 43 . 65 Shots Fired 143 | . 100 . . 10 . . 4 . . . 1 . 7 . 21 Gun 121 | . 100 . . 10 . . . . . . . . . . 11 Cannon . | . . . . . . . . . . . . . . . . Launcher 17 | . . . . . . . 2 . . . 1 . 4 . 10 Special 5 | . . . . . . . 2 . . . . . 3 . . Kinetic 110 | . 100 . . 10 . . . . . . . . . . . Thermal 11 | . . . . . . . . . . . . . . . 11 Explosive 17 | . . . . . . . 2 . . . 1 . 4 . 10 Electromagnetic . | . . . . . . . . . . . . . . . . Robot Hit Streak 11 | . 11 . . 3 . . 1 . . . . . 4 . 3 Robot Miss Streak 4 | . 2 . . 4 . . 1 . . . 2 . 2 . 2 Penetration Max . | . . . . . . . . . . . . . . . . Secondary Targets 5 | . 4 . . 1 . . . . . . . . . . . Max Gunslinging Chain 1 | . 1 . . 1 . . . . . . . . . . . Shots Hit Robots 131 | . 68 . . 5 . 4 18 4 1 1 . . 8 2 20 Core Hits 93 | . 31 . . 3 . 2 9 1 . . 4 . 6 2 35 Critical Kills 2 | . 2 . . . . . . . . . . . . . . Critical Parts Destroyed . | . . . . . . . . . . . . . . . . Critical Strikes 4 | . 2 . . . . 1 . . 1 . . . . . . Destroy 2 | . 2 . . . . . . . . . . . . . . Sever 2 | . . . . . . 1 . . 1 . . . . . . Melee Attacks 164 | . 2 . . . 11 18 47 14 1 12 3 . 25 2 29 Impact 2 | . 2 . . . . . . . . . . . . . . Slashing 162 | . . . . . 11 18 47 14 1 12 3 . 25 2 29 Piercing . | . . . . . . . . . . . . . . . . Sneak Attacks 11 | . . . . . . . 8 1 . . . . 1 1 . Combat Hostiles . | . . . . . . . . . . . . . . . . Follow-up Attacks 8 | . . . . . . . 5 2 . . . . 1 . . Damage Inflicted 5485 | . 887 . . 72 . 139 1036 222 52 78 300 . 409 136 2154 Guns 1110 | . 887 . . 72 . . . . . . . . . . 151 Cannons . | . . . . . . . . . . . . . . . . Explosions 2266 | . . . . . . . 14 . . . 300 . 284 . 1668 Melee 2104 | . . . . . . 139 1022 222 52 78 . . 125 136 330 Ramming 5 | . . . . . . . . . . . . . . . 5 Kinetic 959 | . 887 . . 72 . . . . . . . . . . . Thermal 151 | . . . . . . . . . . . . . . . 151 Explosive 2266 | . . . . . . . 14 . . . 300 . 284 . 1668 Electromagnetic . | . . . . . . . . . . . . . . . . Impact . | . . . . . . . . . . . . . . . . Slashing 2104 | . . . . . . 139 1022 222 52 78 . . 125 136 330 Piercing . | . . . . . . . . . . . . . . . . Highest Corruption 2 | . . . . . . 1 1 . . . . . . . 2 Average Corruption 1 | . . . . . . 1 1 . . . . . . . 1 Corruption Purged . | . . . . . . . . . . . . . . . . Corruption Blocked . | . . . . . . . . . . . . . . . . Effects 3 | . . . . . . . 1 . . . . . . . 2 Energy Discharges 2 | . . . . . . . . . . . . . . . 2 Data Loss (minor) 1 | . . . . . . . 1 . . . . . . . . Overload Shots . | . . . . . . . . . . . . . . . . Overflow Damage 312 | . . . . . . . 147 52 . 70 2 . . . 41 Projectiles . | . . . . . . . . . . . . . . . . Explosions 43 | . . . . . . . . . . . 2 . . . 41 Melee 269 | . . . . . . . 147 52 . 70 . . . . . Knockbacks . | . . . . . . . . . . . . . . . . Impact . | . . . . . . . . . . . . . . . . Kinetic . | . . . . . . . . . . . . . . . . Secondary . | . . . . . . . . . . . . . . . . Self-Inflicted Damage 13 | . . . . . . . . . . . . . . . 13 Shots 1 | . . . . . . . . . . . . . . . 1 Rammed 3 | . . . . . . . . . . . . . . . 3 Targets Rammed 3 | . . . . . . . . . . . . . . . 3 Kicked . | . . . . . . . . . . . . . . . . Crushed . | . . . . . . . . . . . . . . . . Highest Temperature 195 | . 15 . . . . . 11 . 149 195 195 . 32 . 178 Average Temperature 95 | . 4 . . . . . 6 . 75 103 109 . 15 . 114 Received Heat Transfer 432 | . 294 . . . . 48 36 9 . . . . 27 . 18 Siege Activations . | . . . . . . . . . . . . . . . . Robots Corrupted . | . . . . . . . . . . . . . . . . Combat Hostiles . | . . . . . . . . . . . . . . . . Parts Fried . | . . . . . . . . . . . . . . . . Impact Corruptions . | . . . . . . . . . . . . . . . . Robots Melted . | . . . . . . . . . . . . . . . . Combat Hostiles . | . . . . . . . . . . . . . . . . Parts Melted . | . . . . . . . . . . . . . . . . Heat Transferred 185 | . . . . . . . . . . . . . . . 185 Parts Sabotaged . | . . . . . . . . . . . . . . . . Parts Stolen . | . . . . . . . . . . . . . . . . Parts Stripped . | . . . . . . . . . . . . . . . . Power Chain Reactions . | . . . . . . . . . . . . . . . . Missiles Intercepted . | . . . . . . . . . . . . . . . . Alert | -11 -10 -10 -10 -9 -8 -7 -6 -5 -4 -4 -4 -4 -3 -3 -2 ------- Run | Jun Mat Min Exi Min Mat Fac Fac Fac Fac Upp Upp Zhi Pro Res Res Peak Influence 408 | . 171 . . 85 117 70 186 240 132 . . . . 106 408 Initial 117 | . . . . . . . . 40 117 . . . . 84 59 Average 65 | . 64 . . 46 14 26 43 169 124 . . . . 96 161 Maximum Alert Level 2 | . . . . . . . . 1 . . . . . . 2 Low Security (%) 93 | . 100 100 . 100 100 100 100 57 100 . . . . 100 65 Level 1 6 | . . . . . . . . 42 . . . . . . 34 Level 2 . | . . . . . . . . . . . . . . . . Level 3 . | . . . . . . . . . . . . . . . . Level 4 . | . . . . . . . . . . . . . . . . Level 5 . | . . . . . . . . . . . . . . . . High Security . | . . . . . . . . . . . . . . . . Max Security . | . . . . . . . . . . . . . . . . Squads Dispatched 19 | . 4 . . . . 4 3 2 . . . . . . 6 Investigation 4 | . 2 . . . . 1 . . . . . . . . 1 Extermination 3 | . . . . . . . 1 1 . . . . . . 1 Reinforcement 7 | . 2 . . . . . 2 1 . . . . . . 2 Assault . | . . . . . . . . . . . . . . . . Garrison 5 | . . . . . . 3 . . . . . . . . 2 Intercept . | . . . . . . . . . . . . . . . . Searches Triggered . | . . . . . . . . . . . . . . . . Construction Impeded . | . . . . . . . . . . . . . . . . Haulers Reinforced . | . . . . . . . . . . . . . . . . Active Scanning Responses . | . . . . . . . . . . . . . . . . Cargo Convoy Interrupts . | . . . . . . . . . . . . . . . . Stealth | -11 -10 -10 -10 -9 -8 -7 -6 -5 -4 -4 -4 -4 -3 -3 -2 --------- Run | Jun Mat Min Exi Min Mat Fac Fac Fac Fac Upp Upp Zhi Pro Res Res Distress Signals 2 | . . . . . . . . . . . . . . . 2 Communications Jammed 1 | . . . . . . . . 1 . . . . . . . Distress Signals . | . . . . . . . . . . . . . . . . Times Spotted 99 | . 21 . . 3 2 3 13 8 1 . 6 . 14 2 26 Peak Tracking Total 11 | . 5 . . 3 1 1 3 5 1 . 4 . 7 2 11 Tactical Retreats 9 | . . . . . . . 2 3 . . . . 1 . 3 Traps | -11 -10 -10 -10 -9 -8 -7 -6 -5 -4 -4 -4 -4 -3 -3 -2 ------- Run | Jun Mat Min Exi Min Mat Fac Fac Fac Fac Upp Upp Zhi Pro Res Res Traps Triggered 6 | . . . . . . . 4 . . . . . . . 2 Indirectly . | . . . . . . . . . . . . . . . . Trap Hack Attempts . | . . . . . . . . . . . . . . . . Triggered . | . . . . . . . . . . . . . . . . Disarmed . | . . . . . . . . . . . . . . . . Reprogrammed . | . . . . . . . . . . . . . . . . Reused . | . . . . . . . . . . . . . . . . Traps Extracted . | . . . . . . . . . . . . . . . . Installed . | . . . . . . . . . . . . . . . . Triggered . | . . . . . . . . . . . . . . . . Machines | -11 -10 -10 -10 -9 -8 -7 -6 -5 -4 -4 -4 -4 -3 -3 -2 ---------- Run | Jun Mat Min Exi Min Mat Fac Fac Fac Fac Upp Upp Zhi Pro Res Res Machines Disabled 4 | . . . . 1 2 . . . . . . . . . 1 Max in Single Turn 1 | . . . . 1 1 . . . . . . . . . 1 Garrison Access 2 | . . . . . 1 . 1 . . . . . . . . Machines Repaired . | . . . . . . . . . . . . . . . . Machines Sabotaged . | . . . . . . . . . . . . . . . . Overloaded Fab Kills . | . . . . . . . . . . . . . . . . Hacking | -11 -10 -10 -10 -9 -8 -7 -6 -5 -4 -4 -4 -4 -3 -3 -2 --------- Run | Jun Mat Min Exi Min Mat Fac Fac Fac Fac Upp Upp Zhi Pro Res Res Machines Accessed 45 | . 6 . 4 . 5 6 13 2 1 3 1 . . 1 3 Terminals 21 | . 4 . . . 3 3 7 2 1 . . . . . 1 Fabricators 1 | . . . . . . 1 . . . . . . . . . Repair Stations 5 | . 1 . . . . . 3 . . . . . . 1 . Recycling Units 2 | . 1 . . . . . 1 . . . . . . . . Scanalyzers 4 | . . . . . 1 1 1 . . . . . . . 1 Garrison Access 4 | . . . . . 1 1 1 . . . . . . . 1 Total Hacks 148 | . 24 . 49 . 22 10 24 4 3 6 1 . . 1 4 Successful 99 | . 15 . 49 . 12 3 9 1 2 6 1 . . . 1 Failed 49 | . 9 . . . 10 7 15 3 1 . . . . 1 3 Catastrophic 10 | . 1 . . . . 1 5 1 . . . . . . 2 Database Lockouts . | . . . . . . . . . . . . . . . . Manual 31 | . 9 . 1 . 5 2 11 1 1 1 . . . . . Terminals 53 | . 13 . . . 13 6 13 4 3 . . . . . 1 Fabricators 2 | . . . . . . 2 . . . . . . . . . Repair Stations 12 | . 6 . . . . . 5 . . . . . . 1 . Recycling Units 6 | . 5 . . . . . 1 . . . . . . . . Scanalyzers 13 | . . . . . 8 1 2 . . . . . . . 2 Garrison Access 6 | . . . . . 1 1 3 . . . . . . . 1 Terminal Hacks 66 | . 3 . 49 . 2 2 1 1 1 6 1 . . . . Record 54 | . . . 49 . . . . 1 . 4 . . . . . Prototype ID Bank 3 | . 1 . . . 1 . 1 . . . . . . . . Open Door 3 | . . . . . . . . . . 2 1 . . . . Open DSF 1 | . . . . . . 1 . . . . . . . . . Locate Traps 2 | . 1 . . . . 1 . . . . . . . . . Zone Layout 3 | . 1 . . . 1 . . . 1 . . . . . . Fabricator Hacks . | . . . . . . . . . . . . . . . . Repair Station Hacks 6 | . 5 . . . . . 1 . . . . . . . . Scan Component 4 | . 3 . . . . . 1 . . . . . . . . Repair 2 | . 2 . . . . . . . . . . . . . . Recycling Unit Hacks 3 | . 2 . . . . . 1 . . . . . . . . Report Inventory 2 | . 1 . . . . . 1 . . . . . . . . Retrieve Components 1 | . 1 . . . . . . . . . . . . . . Scanalyzer 11 | . . . . . 8 . 2 . . . . . . . 1 Insert Component 6 | . . . . . 4 . 1 . . . . . . . 1 Analyze 5 | . . . . . 4 . 1 . . . . . . . . Garrison Access Hacks 2 | . . . . . 1 . 1 . . . . . . . . Seal Access 2 | . . . . . 1 . 1 . . . . . . . . Unauthorized Hacks 11 | . 5 . . . 1 1 3 . 1 . . . . . . Terminals 9 | . 3 . . . 1 1 3 . 1 . . . . . . Botnet 9 | . 3 . . . 1 1 3 . 1 . . . . . . Fabricators . | . . . . . . . . . . . . . . . . Repair Stations . | . . . . . . . . . . . . . . . . Recycling Units 2 | . 2 . . . . . . . . . . . . . . Reject 1 | . 1 . . . . . . . . . . . . . . Mask 1 | . 1 . . . . . . . . . . . . . . Scanalyzers . | . . . . . . . . . . . . . . . . Garrison Access . | . . . . . . . . . . . . . . . . Data Cores Recovered . | . . . . . . . . . . . . . . . . Used . | . . . . . . . . . . . . . . . . Hacking Detections 34 | . 6 . . . 4 5 12 2 1 . . . . 1 3 Full Trace Events 4 | . 3 . . . . 1 . . . . . . . . . Feedback Events 1 | . . . . . . 1 . . . . . . . . . Corruption 1 | . . . . . . 1 . . . . . . . . . Feedback Blocked . | . . . . . . . . . . . . . . . . Robot Schematics Acquired . | . . . . . . . . . . . . . . . . Robots Built . | . . . . . . . . . . . . . . . . Authchips . | . . . . . . . . . . . . . . . . Time . | . . . . . . . . . . . . . . . . Total Robot Build Rating . | . . . . . . . . . . . . . . . . Part Schematics Acquired 5 | . . . . . 4 . 1 . . . . . . . . Parts Built . | . . . . . . . . . . . . . . . . Authchips . | . . . . . . . . . . . . . . . . Time . | . . . . . . . . . . . . . . . . Total Part Build Rating . | . . . . . . . . . . . . . . . . Parts Repaired 2 | . 2 . . . . . . . . . . . . . . Time 52 | . 52 . . . . . . . . . . . . . . Parts Recycled . | . . . . . . . . . . . . . . . . Recycled Matter . | . . . . . . . . . . . . . . . . Retrieved Matter . | . . . . . . . . . . . . . . . . Retrieved Components 5 | . 5 . . . . . . . . . . . . . . Parts Scanalyzed 6 | . . . . . 4 . 1 . . . . . . . 1 Part Schematics Acquired 5 | . . . . . 4 . 1 . . . . . . . . Parts Damaged . | . . . . . . . . . . . . . . . . Bothacking | -11 -10 -10 -10 -9 -8 -7 -6 -5 -4 -4 -4 -4 -3 -3 -2 ------------ Run | Jun Mat Min Exi Min Mat Fac Fac Fac Fac Upp Upp Zhi Pro Res Res Used RIF Installer . | . . . . . . . . . . . . . . . . Robots Hacked . | . . . . . . . . . . . . . . . . Non-combat . | . . . . . . . . . . . . . . . . Combat . | . . . . . . . . . . . . . . . . Robot Hacks Applied . | . . . . . . . . . . . . . . . . Relay Couplers Released 4 | . . . . . . . . . . . . . . . 4 Programmers 4 | . . . . . . . . . . . . . . . 4 Fabnet Peak Effective % . | . . . . . . . . . . . . . . . . Robots Rewired 2 | . . . . . . . . . . . . . 2 . . Allies Hacked . | . . . . . . . . . . . . . . . . Hacks Repelled . | . . . . . . . . . . . . . . . . Allies | -11 -10 -10 -10 -9 -8 -7 -6 -5 -4 -4 -4 -4 -3 -3 -2 -------- Run | Jun Mat Min Exi Min Mat Fac Fac Fac Fac Upp Upp Zhi Pro Res Res Total Allies 10 | . . . . 2 . . 1 . . 2 . . 5 . . Largest Group 4 | . . . . 2 2 1 1 . . 2 . . 4 2 . Highest-Rated Group 197 | . . . . 40 40 31 90 . . 75 . . 197 112 . Highest-Rated Ally 116 | . . . . 31 31 31 90 . . 46 . . 116 64 . Total Orders 17 | . . . . . . . . . . . . . . 12 5 EXPLORE 8 | . . . . . . . . . . . . . . 5 3 RETURN 9 | . . . . . . . . . . . . . . 7 2 Ally Attacks 64 | . . . . . 10 6 14 . . 5 . . 27 2 . Total Damage 2130 | . . . . . 106 40 555 . . 46 . . 1270 113 . Kills 17 | . . . . . 3 1 7 . . . . . 5 1 . Allies Corrupted . | . . . . . . . . . . . . . . . . Allies Melted . | . . . . . . . . . . . . . . . . Field Lobotomies 4 | . . . . . . . 1 . . . . . 3 . . Intel | -11 -10 -10 -10 -9 -8 -7 -6 -5 -4 -4 -4 -4 -3 -3 -2 ------- Run | Jun Mat Min Exi Min Mat Fac Fac Fac Fac Upp Upp Zhi Pro Res Res Robot Analysis Total . | . . . . . . . . . . . . . . . . Derelict Logs Recovered 6 | . . 1 . 1 . . . . . 3 1 . . . . Drone Launches 10 | . . . . . . . . . . . . . . 7 3 Drone Recoveries 9 | . . . . . . . . . . . . . . 7 2 Exploration | -11 -10 -10 -10 -9 -8 -7 -6 -5 -4 -4 -4 -4 -3 -3 -2 ------------- Run | Jun Mat Min Exi Min Mat Fac Fac Fac Fac Upp Upp Zhi Pro Res Res Turns Passed 8248 | . 1208 336 1073 714 458 428 1180 324 92 736 286 3 656 153 601 Spaces Moved 9319 | 1 666 177 552 365 351 446 2206 589 147 1211 463 5 940 225 975 Core 26 | . . . . . . . . . . . . . . . 26 Treads . | . . . . . . . . . . . . . . . . Legs 1757 | 1 666 177 548 365 . . . . . . . . . . . Wheels . | . . . . . . . . . . . . . . . . Hover 7530 | . . . 4 . 351 446 2200 589 147 1211 463 5 940 225 949 Flight 6 | . . . . . . . 6 . . . . . . . . Fastest Speed 35 | 120 120 190 176 190 108 40 40 42 56 56 56 58 56 56 35 Average Speed 76 | 120 142 190 189 190 108 81 42 45 56 57 57 58 57 56 41 Slowest Speed 510 | 120 190 190 190 190 108 108 510 59 56 58 58 58 58 56 144 Overloaded Moves 1 | . . . . . . . . . . . . . . . 1 Propulsion Burnouts . | . . . . . . . . . . . . . . . . Robots Hopped . | . . . . . . . . . . . . . . . . Cave-ins Triggered . | . . . . . . . . . . . . . . . . Exploration Rate (%) 41 | 2 66 46 90 70 26 11 49 19 5 98 62 7 88 8 22 Regions Visited 15 Branch Regions 7 Pre-discovered Areas 3 | . . 1 1 . . . . . . 1 . . . . . Known Exits Taken 8 | . . . . . . . 1 1 1 1 1 1 1 1 . Unknown Exits Taken 7 | 1 1 1 1 1 1 1 . . . . . . . . . Scrap Searched 12 | . . 1 . 3 . . . . . 3 3 . 2 . . Spaces Dug 81 | . 2 . . . 10 6 18 7 . 8 3 . 15 . 12 Terrain Destroyed 231 | . 2 . . . 10 6 22 7 . 8 19 . 60 . 97 Melee 81 | . 2 . . . 10 6 18 7 . 8 3 . 15 . 12 Projectile 1 | . . . . . . . . . . . . . . . 1 AOE 149 | . . . . . . . 4 . . . 16 . 45 . 84 Terrain Rammed . | . . . . . . . . . . . . . . . . Walls Destroyed . | . . . . . . . . . . . . . . . . Machines Disabled . | . . . . . . . . . . . . . . . . Actions | -11 -10 -10 -10 -9 -8 -7 -6 -5 -4 -4 -4 -4 -3 -3 -2 --------- Run | Jun Mat Min Exi Min Mat Fac Fac Fac Fac Upp Upp Zhi Pro Res Res Total 10161 | . 823 177 581 376 421 493 2397 636 153 1238 477 4 1015 249 1121 Wait 237 | . 71 . 3 . 37 2 48 9 . . . . 25 6 36 Move 9303 | . 665 176 551 364 350 445 2204 588 146 1210 462 4 939 224 975 Hop . | . . . . . . . . . . . . . . . . Pick Up 93 | . 18 . 8 2 5 8 20 10 2 1 1 . 1 3 14 Fast Attach 35 | . 2 . . . . 3 10 . . 7 3 . 3 4 3 Attach 58 | . 4 . 5 2 4 2 11 5 2 . . . 2 2 19 Detach 4 | . . . 1 . . . 2 . . . . . . . 1 Swap 58 | . 3 1 3 . 7 4 14 4 2 2 3 . 5 2 8 Drop 116 | . 8 . 10 . 7 11 35 10 . 9 4 . 4 6 12 Fire 91 | . 50 . . 8 . . 4 . . . 1 . 7 . 21 Melee 137 | . 2 . . . 11 18 35 10 1 9 3 . 17 2 29 Ram 3 | . . . . . . . . . . . . . . . 3 Kick . | . . . . . . . . . . . . . . . . Crush . | . . . . . . . . . . . . . . . . Escape Stasis 14 | . . . . . . . 14 . . . . . . . . Rewire 12 | . . . . . . . . . . . . . 12 . . Trap . | . . . . . . . . . . . . . . . . Miscellaneous . | . . . . . . . . . . . . . . . . Route ------- -11/Junkyard -10/Materials (discovered 3 exits: [*Mat x2] / [*Min]) -10/Mines (discovered 2 exits: [*Mat] / *Exi) -10/Exiles -9/Mines -8/Materials -7/Factory -6/Factory -5/Factory (discovered 2 exits: *Fac x2) -4/Factory -4/Upper Caves -4/Upper Caves -4/Zhirov -3/Proximity Caves -3/Research -2/Research History --------- Turn | Location | Event 1 | -11/Junkyard | Discovered new exit (range 0) 1 | -11/Junkyard | Entered Materials 224 | -10/Materials | Discovered new exit (range 13) 329 | -10/Materials | Build established: Mutant 331 | -10/Materials | Discovered new exit (range 21) 355 | -10/Materials | Discovered new exit (range 16) 762 | -10/Materials | Repaired Assault Rifle? 826 | -10/Materials | Repaired Assault Rifle 1093 | -10/Materials | Core integrity fell below 50% 1209 | -10/Materials | Entered Mines 1260 | -10/Mines | Learned location of Storage (-7) 1428 | -10/Mines | Discovered new exit (range 14) 1534 | -10/Mines | Deemed a non-threat by the Exiles lab entrance 1534 | -10/Mines | Discovered new exit (range 6) 1545 | -10/Mines | Entered Exiles 1654 | -10/Exiles | Met 8R-AWN 1698 | -10/Exiles | Met EX-HEX 1751 | -10/Exiles | Met EX-BIN 1784 | -10/Exiles | Aligned with FarCom system 1786 | -10/Exiles | Given EX-Vault access code 1898 | -10/Exiles | Opened EX-Vault 1911 | -10/Exiles | Found Prototype Device 1912 | -10/Exiles | Identified Cloak of Protection 1922 | -10/Exiles | Found Prototype Device 1923 | -10/Exiles | Identified Supersonic Drone Bay 1934 | -10/Exiles | Found Prototype Special Weapon 1935 | -10/Exiles | Identified Field Lobotomy Kit 2037 | -10/Exiles | Warned to stay clear of 0b10 Research branches 2116 | -10/Exiles | Met EX-DEC 2171 | -10/Exiles | Learned location of Zion (-6) 2260 | -10/Exiles | Visited The Gauntlet 2587 | -10/Exiles | Discovered new exit (range 12) 2618 | -10/Exiles | Left Exiles lab with Field Lobotomy Kit 2618 | -10/Exiles | Entered Mines 2778 | -9/Mines | A weapon hastily lodged in a ceiling crevice suddenly fell to the ground 3209 | -9/Mines | Learned Materials stockpile data 3305 | -9/Mines | Discovered new exit (range 11) 3332 | -9/Mines | Entered Materials 3332 | -8/Materials | Accompanied by 2 allies 3332 | -8/Materials | Evolved 4 slots: Propulsion x2, Utility x2 3337 | -8/Materials | Led the pair of lost Derelicts to an unsafe place 3477 | -8/Materials | Discovered new exit (range 15) 3790 | -8/Materials | Entered Factory 3790 | -7/Factory | Accompanied by 1 ally 3790 | -7/Factory | Evolved 2 slots: Propulsion x2 4216 | -7/Factory | Discovered new exit (range 6) 4218 | -7/Factory | Entered another Factory area 4218 | -6/Factory | Evolved 2 slots: Power x1, Utility x1 4396 | -6/Factory | Assimilated H-61 Shepherd with FLK Orb 5370 | -6/Factory | Discovered new exit (range 14) 5397 | -6/Factory | Identified exit to Factory 5398 | -6/Factory | Entered another Factory area 5398 | -5/Factory | Evolved 2 slots: Utility x2 5600 | -5/Factory | Discovered new exit (range 22) 5695 | -5/Factory | Build established: Infiltrator-Mutant 5704 | -5/Factory | Discovered new exit (range 21) 5722 | -5/Factory | Identified exit to Factory 5722 | -5/Factory | Entered another Factory area 5722 | -4/Factory | Evolved 2 slots: Propulsion x2 5801 | -4/Factory | Discovered new exit (range 6) 5804 | -4/Factory | Identified exit to Upper Caves 5814 | -4/Factory | Entered Upper Caves 6032 | -4/Upper Caves | Build established: Mutant 6227 | -4/Upper Caves | Learned Research emergency access door positions 6231 | -4/Upper Caves | Learned 4 Research zone layouts 6257 | -4/Upper Caves | Learned Research trap positions 6257 | -4/Upper Caves | Learned Armory garrison access intel 6262 | -4/Upper Caves | A Commander dispatched an escort 6457 | -4/Upper Caves | Discovered new exit (range 16) 6471 | -4/Upper Caves | Identified exit to Upper Caves 6550 | -4/Upper Caves | Entered another Upper Caves area 6605 | -4/Upper Caves | Learned Research non-interactive machine intel 6825 | -4/Upper Caves | Discovered new exit (range 11) 6835 | -4/Upper Caves | Identified exit to Zhirov 6836 | -4/Upper Caves | Entered Zhirov 6836 | -4/Zhirov | Discovered new exit (range 3) 6838 | -4/Zhirov | Identified exit to Proximity Caves 6839 | -4/Zhirov | Entered Proximity Caves 6902 | -3/Proximity Caves | Spotted B-86 Titan 6964 | -3/Proximity Caves | Attracted the attention of an 0b10 checkpoint 7122 | -3/Proximity Caves | Assimilated B-86 Titan with FLK Orb 7338 | -3/Proximity Caves | Found Hvy. Reflective Plating 7439 | -3/Proximity Caves | Attracted the attention of an 0b10 outpost 7440 | -3/Proximity Caves | Assimilated Y-72 Warden with FLK Orb 7443 | -3/Proximity Caves | Assimilated L-61 Swordsman with FLK Orb 7465 | -3/Proximity Caves | Discovered new exit (range 11) 7491 | -3/Proximity Caves | Identified exit to Research 7495 | -3/Proximity Caves | Entered Research 7495 | -3/Research | Accompanied by 2 allies 7495 | -3/Research | Evolved 2 slots: Utility x2 7497 | -3/Research | Loaded intel: 80 trap records 7499 | -3/Research | Loaded intel: 69 non-interactive machine locations 7627 | -3/Research | Discovered new exit (range 33) 7648 | -3/Research | Identified exit to Research 7648 | -3/Research | Entered another Research area 7648 | -2/Research | Evolved 2 slots: Propulsion x2 7805 | -2/Research | Build established: Ninja 8062 | -2/Research | Garrison activated, responded to threat 8194 | -2/Research | Lost 15 parts (3p7n2u3w) 8219 | -2/Research | Released all parts (8) 8223 | -2/Research | Core integrity fell below 50% 8247 | -2/Research | Core integrity fell below 20% 8249 | -2/Research | Destroyed by H-88 Terminator with Heavy Machine Gun Last Messages --------------- 08220_ Acquired Cld. Gravmag System. 08229_ Acquired Enh. Quantum Rifle. 08232_ S-43 Plague destroyed. 08236_ Destroyed Xenon Bombardment Thruster. 08238_ Field Manipulator disabled. 08239_ Slug penetrates Wall. 08243_ Cld. Gravmag System destroyed. 08243_ Slug penetrates Wall. 08244_ Enh. Quantum Rifle destroyed. 08245_ Drone sends a signal. 08245_ Slug penetrates Wall. 08246_ Wall collapses. 08246_ Slug penetrates Wall. 08246_ Penetrated by Slug. 08246_ Slug penetrates Wall. 08247_ Slammed into S-43 Plague. 08249_ Acquired 40 matter. 08249_ Slug penetrates Wall. 08249_ Slammed into S-43 Plague. 08249_ Penetrated by Slug. Map ----- +----------------------------------------------------+ | ????????????????????????????????????????????? | | ????????????????????????????????????????????? | | ????????????????????????????????????????????? | | ????????????????????????????????????????????? | | ????????????????????????????????????????????? | | ????????????????????????????????????????????? | | ????????????????????????????????????????????? | | ????????????????????????????????????????????? | | ????????????????????????????????????????????? | | ????????????????????????????????????????????? | | ????????????????????????????????????????????? | | ????????????????????????????????????????????? | | ????????????????????????????????????????????? | | ????????????????????????????????????????????? | | ????????????????????????????????????????????? | | ????????????????????????????????????????????? | | ???????????????###########??????????????????? | | ???????????????# ! #??????????????????? | | ???????????????# #??????????????????? | | ???????????????# """ #??????????????????? | | ???????????????# """" #??????????????????? | | ???????????????# """ #??????????????????? | | ???????????????# """ #??????????????????? | | ???????????????# ss #??????????????????? | | ???????????????# s] #??????????????????? | | ???????????????#####@#"#########????????????? | | ????????????????# =sh% !=!/ #????????????? | | ????????????????# khhh!= #????????????? | | ????????????????# #????????????? | | ????????????????# #????????????? | | ????????????????########### #????????????? | | ?????????????????# ??# #????????????? | | ?????????????????# # ##########+### | | ?????????????????# + | | ?????????????????# # | | ??????????????????????????# | | ??????????????????????????# | | ??????????????????????????# ###+###### | | ??????????????????????????# #?# ???# | | ??????????????????????????# #?" ?# | | ??????????????????????????# #"" ## | | ??????????????????????????# #"" ## | | ??????????????????????????# #T ## | | ??????????????????????????# #"" ## | | ??????????????????????????# ?"" ## | | ??????????????????????????# ??" ## | | ??????????????????????????# ??# ! ## | | ??????????????????????????# ??? ! ## | | ??????????????????????????# ??? ## | | ??????????????????????????? ?????? ## | +----------------------------------------------------+ Best States ------------- Heat Dissipation 91 Coolant Potential 100 Energy Generation 43 Energy Capacity 525 Matter Stores 300 Matter Capacity 300 Sight Range 22 Terrain Scan Density 10 Jamming Range 12 Additional Mass Support 9 Armor Coverage 600 Resistance: TH 25 Point Defense Rating 160 Evasion (%) 68 Melee Accuracy 8 Item Schematics ----------------- Mak. Sword | -8/Materials | Scanalyzed Huge Storage Unit | -8/Materials | Scanalyzed Airjet | -8/Materials | Scanalyzed Wheel | -8/Materials | Scanalyzed Arm. Huge Wheel | -6/Factory | Scanalyzed Robot Schematics ------------------ None Fabricated ------------ Nothing Alien Tech Used ----------------- None Achievements -------------- None Challenges ------------ None Game ------ Seed HelicalSapperDetonator Manual? 0 Play Time 02:11:39 Cumulative 96.7 hours Start 2023.03.03 @ 15:54:38 End 2023.03.03 @ 18:07:08 Sessions 1 Manual Loads 0 Difficulty Rogue Special Mode None Game No. 77 Rogue 77 Adventurer 0 Explorer 0 Win Type - Total 0 Types 0/0/0/0/0/0/0/0/0 Lore% 46 Gallery% 58 Achievement% 40 Wizard Run 0 Options --------- ASCII 0 Keyboard 0 Movement Arrows Keybinds 1 Fullscreen 0 Font 16/Terminus Map View 76x50 Tactical HUD 1 Map Filters NONE Filters NONE Steam 1 RUN: f7f0965a-ffd8-4315-b63c-db5d292f53d5